 Dungeon Crawl Stone Soup version 0.23-a0-164-g7711e57 (webtiles) character file.

10006 grindst0ne the Destroyer (level 11, 0/54 HPs)
             Began as a Kobold Conjurer on Sept 9, 2018.
             Was an Initiate of Gozag.
             Slain by a red ugly thing (19 damage)
             ... on level 11 of the Dungeon.
             The game lasted 00:50:32 (10968 turns).

grindst0ne the Destroyer (Kobold Conjurer)         Turns: 10968, Time: 00:50:32

Health: 0/54       AC: 10    Str:  6    XL:     11   Next: 84%
Magic:  21/22      EV: 25    Int: 19    God:    Gozag
Gold:   1448       SH:  0    Dex: 13    Spells: 8/24 levels left

rFire    . . .     SeeInvis .   B - +9 whip of Vostriv {slash, rN++ Dex-3}
rCold    . . .     Gourm    .   (shield restricted)
rNeg     + + .     Faith    .   a - +0 robe
rPois    .         Spirit   .   h - +0 helmet
rElec    .         Reflect  .   g - +0 cloak
rCorr    .         Harm     .   (no gloves)
MR       .....                  (no boots)
Stlth    ++........             D - amulet of magic regeneration
HPRegen  0.18/turn              b - +6 ring of protection
MPRegen  0.43/turn              f - +4 ring of evasion

@: no status effects
A: small, carnivore
a: Potion Petition, Call Merchant, Bribe Branch, Renounce Religion


You were on level 11 of the Dungeon.
You worshipped Gozag.
Gozag was most pleased with you.
You were hungry.

You visited 2 branches of the dungeon, and saw 12 of its levels.

You collected 1835 gold pieces.
You spent 320 gold pieces at shops.
You paid 67 gold pieces to Gozag.

Inventory:

Hand Weapons
 B - the +9 whip of Vostriv (weapon) {slash, rN++ Dex-3}
   (You took it off an orc warrior on level 6 of the Dungeon)

   It inflicts extra damage upon your enemies.
   It affects your dexterity (-3).
   It greatly protects you from negative energy.
Armour
 a - a +0 robe (worn)
 g - a +0 cloak (worn)
 h - a +0 helmet (worn)
 G - a +0 buckler
Jewellery
 b - a +6 ring of protection (left hand)
 f - a +4 ring of evasion (right hand)
 p - an uncursed ring of protection from magic {unknown}
 q - an uncursed ring of protection from fire {unknown}
 C - a cursed ring of attention {unknown}
 D - an amulet of magic regeneration (around neck)
 F - the ring of Pomihoys {+Fly rC++}
   (You found it on level 9 of the Dungeon)

   [ring of flight]

   It greatly protects you from cold.
   It lets you fly.
 K - the ring "Puod" {*Corrode rElec Int+4 Dex+4 SInv}
   (You found it on level 10 of the Dungeon)

   [ring of see invisible]

   It affects your intelligence (+4).
   It affects your dexterity (+4).
   It insulates you from electricity.
   It lets you see invisible.
   It may corrode you when you take damage.
 L - an uncursed ring of fire {unknown}
Wands
 e - a wand of enslavement (11)
 y - a wand of disintegration (8)
 E - a wand of polymorph (13)
Scrolls
 d - a scroll of magic mapping {unknown}
 j - 8 scrolls of remove curse
 l - a scroll of teleportation {unknown}
 o - a scroll of blinking {unknown}
 r - a scroll of acquirement {unknown}
 s - 3 scrolls of enchant armour {unknown}
 v - a scroll of fear {unknown}
 w - a scroll of random uselessness {unknown}
 x - a scroll of immolation
 I - a scroll of brand weapon {unknown}
Potions
 i - a potion of haste
 k - a potion of degeneration {unknown}
 m - 2 potions of curing
 n - 2 potions of mutation
 t - a potion of resistance
 u - a potion of might
 z - 4 potions of brilliance
 A - 2 potions of lignification
 H - a potion of cancellation {unknown}
 J - a potion of agility {unknown}
Comestibles
 c - 11 rations


   Skills:
 + Level 10.5 Dodging
 - Level 2.6 Stealth
 - Level 7.4 Spellcasting
 + Level 10.8 Conjurations
 + Level 6.3 Hexes
 * Level 7.2 Translocations


You had 8 spell levels left.
You knew the following spells:

 Your Spells              Type           Power        Failure   Level  Hunger
a - Magic Dart            Conj           ####         1%          1    None
b - Dazzling Spray        Conj/Hex       #####.       1%          3    #......
c - Iskenderun's Mystic   Conj           #####...     1%          4    ###....
d - Searing Ray           Conj           #####.       1%          2    None
e - Fulminant Prism       Conj/Hex       #####.....   2%          4    ###....
f - Blink                 Tloc           N/A          1%          2    None

Your spell library contained the following spells:

 Spells                   Type           Power        Failure   Level  Hunger
 Slow                     Hex            ####....     1%          2    None
 Force Lance              Conj/Tloc      #####...     2%          4    ###....
 Conjure Flame            Conj/Fire      ####....     3%          3    #......
 Mephitic Cloud           Conj/Pois/Air  ###.....     7%          3    #......
 Beastly Appendage        Tmut           #.....       10%         1    None
 Call Imp                 Summ           #.......     14%         2    None
 Sticks to Snakes         Tmut           #.......     14%         2    None
 Spider Form              Tmut/Pois      #.........   28%         3    #......
 Ice Form                 Ice/Tmut       #.......     67%         4    ###....
 Blade Hands              Tmut           #.........   95%         5    #####..


Dungeon Overview and Level Annotations

Branches:
Dungeon (11/15)            Temple (1/1) D:4            Lair (0/6) D:8
    Orc (0/2) D:9

Altars:
Ashenzari
Cheibriados
Dithmenos
Elyvilon
Fedhas
Gozag
Hepliaklqana
Kikubaaqudgha
Makhleb
Nemelex Xobeh
Qazlal
Ru
Sif Muna
Trog
Uskayaw
Vehumet
Wu Jian
Xom
Yredelemnul
Zin
The Shining One

Shops:
D:6 [   D:7 :

Annotations:
D:6 exclusion: downstairs


Innate Abilities, Weirdness & Mutations

You are small and have problems with some larger weapons.
You are carnivorous and can eat meat at any time.


Message History

Aiming: Disintegrate
Press: ? - help, Shift-Dir - straight line, f/p - red ugly thing
Aim: a red ugly thing (moderately wounded, chance to defeat MR: 48%)
The red ugly thing resists with some effort.
A yak comes into view.
The red ugly thing closely misses you. The yak completely misses you.
Evoke which item? (* to show all) (? for menu, Esc to quit)
Aiming: Disintegrate
Press: ? - help, Shift-Dir - straight line, f/p - red ugly thing
Aim: a red ugly thing (moderately wounded, chance to defeat MR: 48%)
The red ugly thing resists with some effort.
The yak bellows!
The red ugly thing headbutts you but does no damage.
A yak comes into view.
The yak closely misses you. The red ugly thing headbutts you.
You are engulfed in flames!!
The red ugly thing barely misses you. The red ugly thing headbutts you.
You are engulfed in flames!!
You die...
Your body crumbles into a pile of gold.

#. ####.######
#.).......# ###+###
#.........# ......#
##.........# ......#
.....Y.Y...# ......#
#.........#####......#
#.....<...##Yu@......#
#........YYYY##......#
#........Y#### #######
#.........#
###########


You could see a red ugly thing and 6 yaks.

Vanquished Creatures
  3 two-headed ogres
  An elephant (D:8)
  4 gargoyles (D:7)
  A hornet (D:10)
  A hippogriff (D:10)
  Prince Ribbit (D:6)
  6 yaks
  A hungry ghost (D:9)
  Menkaure (D:5)
  A water moccasin (D:10)
  A black bear (D:8)
  A sky beast (D:8)
  2 orc warriors
  A phantom (D:9)
  4 ogres
  An ice beast (D:10)
  7 centaurs
  2 crocodiles (D:8)
  2 big kobolds (D:9)
  5 bullfrogs
  A gnoll sergeant (D:7)
  A wyvern zombie (D:9)
  3 scorpions
  2 troll zombies (D:9)
  4 killer bees (D:9)
  8 wights
  A howler monkey (D:7)
  6 crimson imps
  2 quasits
  A bullfrog zombie (D:10)
  7 hounds
  8 orc priests
  Crazy Yiuf (D:3)
  4 jellies
  A bullfrog skeleton (D:5)
  An iguana (D:7)
  Ijyb (D:4)
  10 orc wizards
  5 worker ants
  A killer bee zombie (D:6)
  5 ogre zombies (D:9)
  A hound skeleton (D:7)
  2 howler monkey skeletons
  16 adders
  7 gnolls
  An ooze (D:5)
  2 adder skeletons (D:5)
  2 worms
  10 leopard geckos
  24 orcs
  4 bats
  4 giant cockroaches
  6 goblins
  7 hobgoblins
  21 jackals
  14 kobolds
  5 quokkas
  5 ball pythons
  A goblin skeleton (D:9)
  A goblin zombie (D:9)
  3 hobgoblin skeletons (D:9)
  6 hobgoblin zombies (D:9)
  2 leopard gecko zombies
  3 orc skeletons (D:9)
  10 orc zombies (D:9)
  A quokka zombie (D:7)
  5 rats
282 creatures vanquished.

Vanquished Creatures (others)
  A sky beast (D:7)
  A troll zombie (D:9)
  A howler monkey skeleton (D:7)
  An adder (D:7)
  2 gnolls (D:7)
  A hobgoblin zombie (D:9)
  34 fulminant prisms
41 creatures vanquished.

Grand Total: 323 creatures vanquished

Notes
Turn   | Place    | Note
-------+----------+-------------------------------------------
     0 | D:1      | grindst0ne the Kobold Conjurer began the quest for the Orb.
     0 | D:1      | Reached XP level 1. HP: 10/10 MP: 3/3
    55 | D:1      | Reached XP level 2. HP: 3/15 MP: 0/5
   732 | D:1      | Reached XP level 3. HP: 19/19 MP: 7/7
  1011 | D:2      | Noticed a centaur
  1024 | D:2      | Killed a centaur
  1024 | D:2      | Reached XP level 4. HP: 7/24 MP: 5/9
  1024 | D:2      | Reached XP level 5. HP: 8/28 MP: 5/10
  1105 | D:2      | Reached skill level 5 in Conjurations
  1667 | D:2      | Learned a level 3 spell: Dazzling Spray
  2099 | D:3      | Found a runed door.
  2119 | D:3      | Found a hazy altar of Hepliaklqana.
  2243 | D:3      | Reached XP level 6. HP: 32/32 MP: 8/11
  2253 | D:3      | Found an ornate altar of the Wu Jian Council.
  2596 | D:3      | Noticed Crazy Yiuf
  2607 | D:3      | Killed Crazy Yiuf
  2762 | D:4      | Found a staircase to the Ecumenical Temple.
  2774 | Temple   | Entered the Ecumenical Temple
  3265 | D:4      | Reached XP level 7. HP: 30/36 MP: 0/13
  3467 | D:4      | Learned a level 4 spell: Iskenderun's Mystic Blast
  3474 | D:4      | Reached skill level 5 in Dodging
  3895 | D:5      | Entered Level 5 of the Dungeon
  3910 | D:5      | Noticed Ijyb
  3954 | D:4      | Killed Ijyb
  4026 | D:5      | Noticed Menkaure
  4031 | D:5      | Learned a level 2 spell: Searing Ray
  4038 | D:5      | Killed Menkaure
  4038 | D:5      | Reached skill level 5 in Spellcasting
  4235 | D:5      | Reached XP level 8. HP: 41/41 MP: 10/16
  4561 | D:5      | Found an opulent altar of Gozag.
  4562 | D:5      | Found a sparkling altar of Nemelex Xobeh.
  4572 | D:5      | Became a worshipper of Gozag Ym Sagoz the Greedy
  4607 | D:6      | Found an ancient bone altar of Kikubaaqudgha.
  4651 | D:6      | Noticed Prince Ribbit
  4673 | D:6      | Killed Prince Ribbit
  4907 | D:6      | Found Dajeryn's Armour Emporium.
  5241 | D:7      | Reached XP level 9. HP: 26/45 MP: 3/19
  5678 | D:7      | Noticed a gargoyle
  5963 | D:7      | Found a radiant altar of Vehumet.
  6213 | D:7      | Killed a gargoyle
  6290 | D:7      | HP: 1/45 [something (24)]
  6600 | D:7      | Found Keptesk's Book Shop.
  6626 | D:7      | Learned a level 4 spell: Fulminant Prism
  6664 | D:7      | Noticed a gargoyle
  6747 | D:7      | Noticed a gargoyle
  6917 | D:6      | Got a jewelled whip {slash}
  6918 | D:6      | Identified the +9 whip of Vostriv {slash, rN++ Dex-3} (You
                  | took it off an orc warrior on level 6 of the Dungeon)
  7019 | D:7      | Killed a gargoyle
  7163 | D:7      | Noticed a gargoyle
  7169 | D:7      | Killed a gargoyle
  7169 | D:7      | Reached XP level 10. HP: 50/50 MP: 11/21
  7242 | D:7      | Killed a gargoyle
  7669 | D:7      | Bought a book of Minor Magic for 320 gold pieces
  7672 | D:7      | Learned a level 2 spell: Blink
  7722 | D:8      | Found a shattered altar of Ashenzari.
  7740 | D:8      | Found a white marble altar of Elyvilon.
  7761 | D:8      | Reached skill level 1 in Translocations
  7768 | D:8      | Noticed an elephant
  7817 | D:8      | Killed an elephant
  8417 | D:8      | Reached skill level 10 in Conjurations
  8597 | D:8      | Found a blossoming altar of Fedhas.
  8654 | D:8      | Found a staircase to the Lair.
  8772 | D:8      | Found a snail-covered altar of Cheibriados.
  8775 | D:8      | Found a shimmering altar of Xom.
  8964 | D:9      | Found a staircase to the Orcish Mines.
  9051 | D:9      | Reached XP level 11. HP: 50/54 MP: 2/22
  9081 | D:9      | Reached skill level 5 in Hexes
  9233 | D:9      | Reached skill level 5 in Translocations
  9260 | D:9      | Noticed a two-headed ogre
  9273 | D:9      | Killed a two-headed ogre
  9495 | D:9      | Got a coiled gossamer ring
  9791 | D:9      | Reached skill level 10 in Dodging
 10097 | D:10     | Entered Level 10 of the Dungeon
 10398 | D:10     | Noticed a two-headed ogre
 10406 | D:10     | Killed a two-headed ogre
 10430 | D:10     | Noticed a two-headed ogre
 10436 | D:10     | Killed a two-headed ogre
 10564 | D:10     | Got a steaming bone ring
 10568 | D:10     | Identified the ring of Pomihoys {+Fly rC++} (You found it
                  | on level 9 of the Dungeon)
 10570 | D:10     | Identified the ring "Puod" {*Corrode rElec Int+4 Dex+4
                  | SInv} (You found it on level 10 of the Dungeon)
 10961 | D:11     | Noticed a red ugly thing
 10968 | D:11     | Slain by a red ugly thing

Vault maps used:
D:1:      sevenhm_arrival_forest_fort_small_4
D:3:      lemuel_doored_altar, lemuel_round_altar, hangedman_decor_peaks_small,
          uniq_crazy_yiuf_cottage
D:4:      temple_statues, first_ration, serial_bayou_pond_e
D:5:      grunt_temple_overflow_opulence, uniq_menkaure, uniq_ijyb
D:6:      nicolae_overflow_crystal_walls, serial_shops, shop,
          uniq_prince_ribbit1
D:7:      cheibrodos_statue_roulette, fiery_altar_vehumet, serial_shops,
          kennysheep_mini_moat
D:8:      old_standard_altar, lemuel_crystal_altar, fedhas_altar_fruit_tree,
          nicolae_overflow_hidden_temple, david_lair_generic
D:9:      zombieorc2_lemuel
D:11:     portal_ice_cave_demonic_guard
Temple:   eino_temple_lava

Skill      XL: |  1  2  3  4  5  6  7  8  9 10 11 |
---------------+----------------------------------+-----
Dodging        | 3 4 6 8 9 10 | 10.5
Spellcasting   | 3 4 5 6 7 |  7.4
Conjurations   | 5 6 7 9 10 | 10.8
Hexes          | 2 4 6 |  6.3
Translocations | 4 7 |  7.2
Stealth        | |  2.6

Action                   |  1- 3 |  4- 6 |  7- 9 | 10-12 || total
-------------------------+-------+-------+-------+-------++-------
Melee: Dagger            |    62 |   184 |   152 |       ||   398
       Whip              |       |       |       |   197 ||   197
 Cast: Magic Dart        |    24 |   128 |   153 |    82 ||   387
       Searing Ray       |       |       |    31 |    30 ||    61
       Iskenderun's Myst |       |       |     4 |       ||     4
       Dazzling Spray    |       |       |     6 |     5 ||    11
       Fulminant Prism   |       |       |     4 |    30 ||    34
       Blink             |       |       |       |     4 ||     4
Invok: Potion Petition   |       |       |       |     1 ||     1
Evoke: Wand              |       |       |     7 |    27 ||    34
  Use: Potion            |     1 |       |     2 |     2 ||     5
       Scroll            |       |       |     7 |     3 ||    10
 Stab: Sleeping          |     3 |       |       |     2 ||     5
       Invisible         |       |       |     1 |       ||     1
       Distracted        |       |       |       |     1 ||     1
  Eat: Chunk             |     9 |     7 |     5 |       ||    21
       Ration            |       |       |       |     8 ||     8
Armor: Robe              |    17 |    31 |    46 |    64 ||   158
       Skin              |       |       |       |     3 ||     3
Dodge: Dodged            |    54 |   157 |   205 |   361 ||   777

Table legend:
 A = Non-vault XP
 B = Vault XP
 C = Vault XP percentage of total XP
 D = Non-vault monster count
 E = Vault monster count
 F = Vault count percentage of total count
                 A         B        C        D         E       F
            +---------+---------+-------+---------+---------+-------
      Total |   10623 |    3672 |  25.7 |     236 |      48 |  16.9
            +---------+---------+-------+---------+---------+-------
        D:1 |      33 |       0 |   0.0 |      18 |       0 |   0.0
        D:2 |     174 |       0 |   0.0 |      13 |       0 |   0.0
        D:3 |     141 |      41 |  22.5 |      29 |       1 |   3.3
        D:4 |     334 |      36 |   9.7 |      21 |       1 |   4.5
        D:5 |     309 |     169 |  35.4 |      17 |       1 |   5.6
        D:6 |     574 |     251 |  30.4 |      11 |       1 |   8.3
        D:7 |     994 |    1565 |  61.2 |      28 |       4 |  12.5
        D:8 |    1210 |     938 |  43.7 |      23 |       4 |  14.8
        D:9 |    3563 |     672 |  15.9 |      50 |      36 |  41.9
       D:10 |    3291 |       0 |   0.0 |      26 |       0 |   0.0
            +---------+---------+-------+---------+---------+-------
